cohdb
Replays
Latest Replays
All Replays
Popular Replays
Top Player Replays
Match Explorer
How It Works
Community
CoH3 Stats
Reddit
Sign in to upload your games and track your stats! →
Sign in with Steam
Match 43864407
Unlisted
Match 43864407
Overview
Messages
Build Orders
End
Kradschützen Motorcycle Team
Panzergrenadier Squad
Panzergrenadier Squad
Construct Light Support Kompanie
Panzerjäger Squad
MG34 Team
Construct Mechanized Kompanie
Assault Mechanized Group
Combat Half-tracks
8 Rad Armored Car
Selects Panzerjäger Kommand Battlegroup
Selects Mine Fields
Selects Defensive Positions
2.5-tonne Medical Truck
Lilfuture
jota barba 7
Seocheon
헤네시스택시기사
0
0
Comments
sign in to comment!
No comments posted yet!